 Dungeon Crawl Stone Soup version 0.23.2-1-ga50397a6bc (webtiles) character file.

Game seed: 12290130714499311112

5955 granthlord the Cleaver (level 10, -6/94 HPs)
             Began as a Deep Dwarf Fighter on May 28, 2019.
             Was a Believer of Makhleb.
             Mangled by a two-headed ogre
             ... wielding a cursed -1 giant club
              (21 damage)
             ... on level 9 of the Dungeon.
             The game lasted 00:35:50 (7063 turns).

granthlord the Cleaver (Deep Dwarf Fighter)         Turns: 7063, Time: 00:35:51

Health: -6/94      AC: 17    Str: 24    XL:     10   Next: 54%
Magic:  5/5        EV:  9    Int:  8    God:    Makhleb [**....]
Gold:   478        SH: 11    Dex: 12    Spells: 9/9 levels left

rFire    + + .     SeeInvis .   O - +2 flail (protect)
rCold    x . .     Gourm    .   c - +0 shield
rNeg     + . .     Faith    .   W - +0 scale mail {rF+}
rPois    .         Spirit   .   (no helmet)
rElec    .         Reflect  .   h - +1 cloak
rCorr    .         Harm     .   (no gloves)
MR       +....                  (no boots)
Stlth    ..........             G - amulet of rage
HPRegen  0.00/turn              A - ring of positive energy
MPRegen  0.09/turn              E - ring of fire

@: protection aura, non-regenerating, lightly drained
A: damage resistance, heal wounds, sense surroundings 2, no regeneration
a: Heal Wounds, Minor Destruction, Renounce Religion, Evoke Berserk Rage


You were on level 9 of the Dungeon.
You worshipped Makhleb.
Makhleb was pleased with you.
You were not hungry.

You visited 2 branches of the dungeon, and saw 10 of its levels.

You collected 478 gold pieces.

Inventory:

Hand Weapons
 a - a +0 war axe
 j - a +0 war axe
 O - a +2 flail of protection (weapon)
 Y - a -2 flail
Missiles
 e - 92 arrows
 i - 14 javelins (quivered)
 u - 54 poisoned needles
Armour
 b - a +0 scale mail
 c - a +0 shield (worn)
 h - a +1 cloak (worn)
 o - a +0 ring mail
 t - a +0 chain mail
 H - a -1 ring mail
 Q - a +3 chain mail
 W - a +0 scale mail of fire resistance (worn)
Jewellery
 p - a +2 ring of intelligence
 A - a ring of positive energy (left hand)
 E - a ring of fire (right hand)
 G - an amulet of rage (around neck)
 K - an uncursed amulet of regeneration {unknown}
 R - an uncursed ring of protection from cold {unknown}
 S - an uncursed amulet of the acrobat {unknown}
Wands
 D - a wand of scattershot (4)
 F - a wand of paralysis (2)
Scrolls
 k - 5 scrolls of remove curse
 l - a scroll of amnesia {unknown}
 q - a scroll of random uselessness {unknown}
 r - 3 scrolls of blinking {unknown}
 s - 11 scrolls of identify {unknown}
 w - a scroll of immolation {unknown}
 y - 3 scrolls of fear {unknown}
 I - a scroll of noise {unknown}
 L - a scroll of magic mapping
 M - a scroll of teleportation {unknown}
 N - a scroll of vulnerability {unknown}
 T - a scroll of holy word {unknown}
 U - a scroll of enchant weapon {unknown}
 X - a scroll of fog {unknown}
Potions
 d - a potion of might
 g - 3 potions of brilliance {unknown}
 m - 4 potions of heal wounds {unknown}
 n - 7 potions of curing {unknown}
 v - 2 potions of invisibility {unknown}
 x - 3 potions of flight {unknown}
 z - a potion of degeneration {unknown}
 B - 2 potions of agility
 C - a potion of cancellation {unknown}
 J - a potion of lignification {unknown}
 P - 2 potions of magic {unknown}
Comestibles
 f - 17 rations
 V - 4 chunks of flesh


   Skills:
 * Level 7.4(7.2) Fighting
 * Level 9.6(10.5) Axes
 + Level 7.1(8.9) Maces & Flails
 + Level 0.1(0.0) Throwing
 + Level 7.3(7.1) Armour
 - Level 1.0(0.9) Dodging
 + Level 7.4(7.3) Shields
 + Level 0.3(0.2) Evocations


You had 9 spell levels left.
You didn't know any spells.
Your spell library contained the following spells:

 Spells                   Type           Power        Failure   Level  Hunger
 Shock                    Conj/Air       #...         95%         1    ##.....
 Swiftness                Chrm/Air       #.......     98%         2    ###....
 Static Discharge         Conj/Air       #.......     100%        3    ####...
 Airstrike                Air            #.........   100%        4    #####..
 Lightning Bolt           Conj/Air       #.........   100%        5    ######.
 Haunt                    Necr/Summ      #.........   100%        7    #######
 Borgnjor's Revivificati  Necr           #.........   100%        8    #######
 Death's Door             Chrm/Necr      #.........   100%        8    #######
 Infestation              Necr           #.........   100%        8    #######
 Necromutation            Tmut/Necr      #.........   100%        8    #######


Dungeon Overview and Level Annotations

Branches:
Dungeon (9/15)             Temple (1/1) D:4            Lair (0/6) D:8
    Orc: D:9-12

Altars:
Dithmenos
Elyvilon
Fedhas
Gozag
Hepliaklqana
Kikubaaqudgha
Makhleb
Nemelex Xobeh
Ru
Sif Muna
Vehumet
Xom
Yredelemnul
Zin
The Shining One


Innate Abilities, Weirdness & Mutations

You are resistant to damage.
You can heal yourself by infusing magical energy.
You passively map the area around you.
You do not regenerate.


Message History

You hit the two-headed ogre.
The two-headed ogre is lightly wounded.
You sock the two-headed ogre!
The two-headed ogre is moderately wounded.
The two-headed ogre closely misses you.
The two-headed ogre hits you but does no damage.
You hit the two-headed ogre.
The two-headed ogre is moderately wounded.
The two-headed ogre hits you with a cursed -1 giant club!
The two-headed ogre hits you with a +0 giant club!
You thump the two-headed ogre!
The two-headed ogre is heavily wounded.
The two-headed ogre hits you with a cursed -1 giant club.
The two-headed ogre hits you with a +0 giant club!
* * * LOW HITPOINT WARNING * * *
You sock the two-headed ogre!
The two-headed ogre is almost dead.
You block the two-headed ogre's attack.
The two-headed ogre hits you with a +0 giant club!!
You die...

#......# **
#......# , *
#......# , ,
, #......# ,
#......# *
#......# *
#......#####
* ,
#.†<.|.#...#
,
#......#@..#
, ,
#......O...+
, *
#%.....#...#
, ,
#......#...#
, ,
#......#####
, +*
#......# , ,
######## , +
, , , , **,
,,,*


You could see a two-headed ogre.

Vanquished Creatures
  A two-headed ogre (D:6)
  Pikel (D:7)
  Joseph (D:7)
  Prince Ribbit (D:7)
  A hippogriff (D:8)
  A spriggan (D:7)
  A wyvern (D:9)
  Eustachio (D:4)
  A basilisk (D:7)
  2 water moccasins
  2 porcupines
  An orc warrior (D:7)
  A slave (D:7)
  A sky beast (D:7)
  3 black bears
  2 phantoms
  An ice beast (D:7)
  An ogre (D:7)
  2 wolves (D:7)
  4 crocodiles
  2 big kobolds
  3 bullfrogs
  3 scorpions
  5 killer bees (D:7)
  5 wights (D:7)
  A howler monkey (D:5)
  A crimson imp (D:5)
  8 orc priests
  A bullfrog zombie (D:7)
  A bullfrog skeleton (D:6)
  A hound (D:4)
  5 orc wizards
  Ijyb (D:4)
  2 iguanas (D:5)
  Natasha (thrice) (D:4)
  3 worker ants
  A hound zombie (D:7)
  A worker ant zombie (D:7)
  3 gnolls (D:4)
  10 adders
  2 shadow imps
  An ooze (D:4)
  2 adder skeletons (D:4)
  An adder zombie (D:5)
  3 worms
  A dart slug (D:3)
  5 leopard geckos
  22 orcs
  8 giant cockroaches
  13 goblins
  6 hobgoblins
  7 jackals
  10 kobolds
  A quokka (D:6)
  2 ball pythons
  8 bats
  2 frilled lizards
  2 quokka zombies (D:6)
  11 rats
196 creatures vanquished.

Vanquished Creatures (others)
  2 slaves
  A fungus (D:8)
  3 plants (D:8)
6 creatures vanquished.

Grand Total: 202 creatures vanquished

Notes
Turn   | Place    | Note
-------+----------+-------------------------------------------
     0 | D:1      | granthlord the Deep Dwarf Fighter began the quest for the
                  | Orb.
     0 | D:1      | Reached XP level 1. HP: 20/20 MP: 1/1
   164 | D:1      | Reached XP level 2. HP: 22/27 MP: 2/2
  1393 | D:1      | Reached XP level 3. HP: 27/34 MP: 3/3
  1724 | D:2      | Reached skill level 3 in Axes
  1826 | D:2      | Reached skill level 1 in Dodging
  2199 | D:3      | Reached XP level 4. HP: 40/42 MP: 4/4
  2499 | D:3      | Reached skill level 4 in Axes
  2648 | D:3      | Found a white marble altar of Elyvilon.
  3034 | D:4      | Reached XP level 5. HP: 38/49 MP: 5/5
  3103 | D:4      | Noticed Eustachio
  3156 | D:4      | Killed Eustachio
  3156 | D:4      | Reached skill level 5 in Axes
  3156 | D:4      | Reached XP level 6. HP: 37/56 MP: 6/6
  3157 | D:4      | Found a staircase to the Ecumenical Temple.
  3183 | Temple   | Entered the Ecumenical Temple
  3197 | Temple   | Became a worshipper of Makhleb the Destroyer
  3216 | D:4      | Found a basalt altar of Yredelemnul.
  3218 | D:4      | Found a shadowy altar of Dithmenos.
  3334 | D:4      | Noticed Natasha
  3339 | D:4      | Killed Natasha
  3355 | D:4      | Noticed Natasha
  3365 | D:4      | Killed Natasha
  3383 | D:4      | Noticed Ijyb
  3401 | D:4      | Killed Ijyb
  3514 | D:4      | Noticed Natasha
  3535 | D:4      | Killed Natasha
  3535 | D:4      | Reached skill level 6 in Axes
  3601 | D:4      | Reached XP level 7. HP: 30/63 MP: 7/7
  3930 | D:5      | Entered Level 5 of the Dungeon
  4245 | D:5      | Reached * piety under Makhleb
  4270 | D:5      | Reached skill level 7 in Axes
  4569 | D:5      | Found an opulent altar of Gozag.
  4769 | D:6      | Noticed a two-headed ogre
  4801 | D:6      | Killed a two-headed ogre
  4801 | D:6      | Reached skill level 5 in Fighting
  4801 | D:6      | Reached skill level 8 in Axes
  4801 | D:6      | Reached skill level 5 in Armour
  4801 | D:6      | Reached skill level 5 in Shields
  4801 | D:6      | Reached XP level 8. HP: 31/74 MP: 7/7
  4970 | D:6      | Found a shimmering altar of Xom.
  5548 | D:7      | Gained mutation: You passively map the area around you.
                  | [Deep Dwarf growth]
  5548 | D:7      | Reached XP level 9. HP: 26/81 MP: 8/8
  5612 | D:7      | HP: 3/82 [killer bee (4)]
  5817 | D:7      | Reached skill level 5 in Maces & Flails
  5867 | D:7      | Reached ** piety under Makhleb
  5955 | D:7      | Noticed Joseph
  5960 | D:7      | Noticed Prince Ribbit
  5999 | D:7      | Killed Joseph
  5999 | D:7      | Reached skill level 9 in Axes
  6002 | D:7      | Killed Prince Ribbit
  6508 | D:7      | Reached XP level 10. HP: 43/92 MP: 7/7
  6549 | D:8      | Noticed Pikel
  6638 | D:7      | Killed Pikel
  6787 | D:8      | Found a staircase to the Lair.
  6966 | D:8      | Found a sparkling altar of Nemelex Xobeh.
  7011 | D:8      | Noticed a two-headed ogre
  7063 | D:9      | Mangled by a two-headed ogre

Skill      XL: |  1  2  3  4  5  6  7  8  9 10 |
---------------+-------------------------------+-----
Fighting       | 3 5 6 7 |  7.4
Axes           | 3 4 5 6 8 9 |  9.6
Dodging        | 1 |  1.0
Armour         | 4 5 6 7 |  7.3
Shields        | 4 5 6 7 |  7.4
Maces & Flails | 3 6 7 |  7.1
Throwing       | |  0.1
Evocations     | |  0.3

Action                   |  1- 3 |  4- 6 |  7- 9 | 10-12 || total
-------------------------+-------+-------+-------+-------++-------
Melee: War axe           |   125 |   218 |   103 |       ||   446
       Flail             |       |       |   330 |   190 ||   520
Throw: Stone             |     1 |     1 |       |       ||     2
 Abil: Heal Wounds       |     1 |     4 |    14 |     7 ||    26
       Evoke Berserk Rag |       |       |     1 |       ||     1
Evoke: Wand              |       |       |     1 |       ||     1
  Use: Scroll            |     2 |       |     1 |     1 ||     4
       Potion            |       |       |     2 |       ||     2
  Eat: Ration            |     1 |       |     1 |       ||     2
       Chunk             |     1 |     5 |     8 |     2 ||    16
Armor: Scale mail        |    35 |       |     8 |   147 ||   190
       Ring mail         |    27 |    16 |       |       ||    43
       Chain mail        |       |   102 |   195 |       ||   297
Dodge: Dodged            |    43 |    83 |   108 |    88 ||   322
Block: Shield            |    67 |   122 |   239 |   150 ||   578
